 Dungeon Crawl Stone Soup version 0.23.2-1-ga50397a (webtiles) character file.

Game seed: 15315585633379870175

217 Fang the Skirmisher (level 5, 0/51 HPs)
             Began as a Gargoyle Berserker on May 10, 2019.
             Was a Priest of Trog.
             Slain by a worm (9 damage)
             ... on level 3 of the Dungeon.
             The game lasted 00:01:54 (2328 turns).

Fang the Skirmisher (Gargoyle Berserker)            Turns: 2328, Time: 00:01:54

Health: 0/51       AC: 15    Str: 26    XL:     5   Next: 94%
Magic:  5/5        EV:  9    Int:  8    God:    Trog [***...]
Gold:   113        SH:  0    Dex:  9    Spells: 4/4 levels left

rFire    . . .     SeeInvis .   a - +0 hand axe
rCold    . . .     Gourm    .   (no shield)
rNeg     + . .     Faith    .   b - +0 chain mail
rPois    ∞         Spirit   .   (no helmet)
rElec    +         Reflect  .   (no cloak)
rCorr    .         Harm     .   (no gloves)
MR       .....                  i - +1 pair of boots
Stlth    ..........             (no amulet)
HPRegen  0.17/turn              (no ring)
MPRegen  0.09/turn              (no ring)

@: berserking, very quick
A: negative energy resistance 1, electricity resistance, unbreathing,
petrification resistance, rot immunity, AC +4
a: Berserk, Trog's Hand, Renounce Religion


You were on level 3 of the Dungeon.
You worshipped Trog.
Trog was most pleased with you.
You were very hungry.

You visited 1 branch of the dungeon, and saw 3 of its levels.

You collected 113 gold pieces.

Inventory:

Hand Weapons
 a - a +0 hand axe (weapon)
Armour
 b - a +0 chain mail (worn)
 i - a +1 pair of boots (worn)
Scrolls
 g - a scroll of identify {unknown}
 j - a scroll of teleportation {unknown}
 k - a scroll of fog {unknown}
 m - a scroll of remove curse {unknown}
Potions
 e - 3 potions of heal wounds {unknown}
 f - 3 potions of degeneration {unknown}
 h - a potion of magic {unknown}
 l - 2 potions of lignification {unknown}
Comestibles
 c - 4 rations


   Skills:
 + Level 4.5 Fighting
 + Level 3.6 Axes
 + Level 3.7 Armour
 + Level 2.7 Dodging


You had 4 spell levels left.
You didn't know any spells.
Your spell library was empty.

Dungeon Overview and Level Annotations

Branches:
Dungeon (3/15)

Altars:
Dithmenos
Sif Muna
Trog
Wu Jian
Xom


Innate Abilities, Weirdness & Mutations

You are resistant to torment.
Your stone body is resilient. (AC +4)
You are immune to poison.
You resist negative energy. (rN+)
You are resistant to electric shocks. (rElec)
You can survive without breathing.
You are immune to petrification.
You are immune to rotting.


Message History

You are too injured to fight recklessly!
You are too injured to fight recklessly!
You are too injured to fight recklessly!
You are too injured to fight recklessly!
You are too injured to fight recklessly!
You are too injured to fight recklessly!
You are too injured to fight recklessly!
A red film seems to cover your vision as you go berserk!
You feel yourself moving faster!
You feel mighty!
You are feeling very hungry.
The worm bites you but does no damage. x2
You slash the worm!
The worm is heavily wounded.
You slash the worm! The worm bites you!
* * * LOW HITPOINT WARNING * * *
The worm barely misses you.
You hit the worm.
The worm is severely wounded.
You slash the worm! The worm bites you!
You die...

#.#........# ###.##.
#.#........#####.##)
#####.#............#.(#.
#.....#.##########.#.8#.
#.##########.....#.#.##.
#.# ##....######.#.#.##.
#.###.......## #.#.#.##.
#.##...ww...)###.#.#..#.
#.##...@#....##....#.8#.
#.##...###....##.###.##.
#......#y#._..##.# #.##.
####...###....##.###÷##.
#....#....###...#)(#.
#.......))# #.#..)8#.
##......)## #.#######
##....### #.# # ######
#.#


You could see a moth of wrath and 2 worms.

Vanquished Creatures
  A crimson imp (D:2)
  Terence (D:2)
  4 gnolls (D:3)
  2 adders
  An ooze (D:1)
  3 worms
  2 dart slugs
  2 leopard geckos (D:2)
  9 orcs (D:3)
  2 giant cockroaches
  9 goblins
  8 hobgoblins
  5 jackals (D:2)
  5 kobolds
  A quokka (D:3)
  6 bats
  3 frilled lizards
  11 rats
75 creatures vanquished.

Notes
Turn   | Place    | Note
-------+----------+-------------------------------------------
     0 | D:1      | Fang the Gargoyle Berserker began the quest for the Orb.
     0 | D:1      | Reached XP level 1. HP: 14/14 MP: 1/1
    16 | D:1      | Reached XP level 2. HP: 19/19 MP: 2/2
   317 | D:1      | Reached XP level 3. HP: 19/23 MP: 3/3
   347 | D:1      | Reached ** piety under Trog
   875 | D:2      | Found a shimmering altar of Xom.
   928 | D:2      | Reached skill level 4 in Fighting
   928 | D:2      | Reached XP level 4. HP: 26/29 MP: 4/4
   963 | D:2      | Noticed Terence
   973 | D:2      | Killed Terence
  1141 | D:2      | Reached XP level 5. HP: 33/33 MP: 5/5
  1197 | D:2      | Found a deep blue altar of Sif Muna.
  1300 | D:2      | Found a shadowy altar of Dithmenos.
  1302 | D:2      | Found an ornate altar of the Wu Jian Council.
  1831 | D:3      | Reached *** piety under Trog
  2308 | D:3      | Noticed a moth of wrath
  2311 | D:3      | Found a bloodstained altar of Trog.
  2328 | D:3      | Slain by a worm

Skill      XL: |  1  2  3 |
---------------+----------+-----
Axes           | 3 |  3.6
Dodging        | 2 |  2.7
Fighting       | 4 |  4.5
Armour         | 3 |  3.7

Action                   |  1- 3 |  4- 6 || total
-------------------------+-------+-------++-------
Melee: Hand axe          |   167 |   175 ||   342
Invok: Berserk           |       |     3 ||     3
  Eat: Chunk             |       |     7 ||     7
Armor: Animal skin       |    28 |       ||    28
       Chain mail        |    64 |   109 ||   173
Dodge: Dodged            |    87 |   101 ||   188
